 Dungeon Crawl Stone Soup version 0.29-a0-1039-gfc20370e89 (webtiles) character file.

Game seed: 1023556924134697421

25 BritishOli the Trooper (level 2, 0/24 HPs)
             Began as a Demonspawn Fighter on Aug 15, 2022.
             Slain by a giant cockroach (1 damage)
             ... on level 2 of the Dungeon.
             The game lasted 00:00:41 (1245 turns).

BritishOli the Trooper (Demonspawn Fighter)         Turns: 1245, Time: 00:00:41

Health: 0/24       AC:  7    Str: 16    XL:     2   Next: 86%
Magic:  0/2        EV:  8    Int:  9    God:
Gold:   121        SH:  4    Dex: 12    Spells: 1/1 levels left

rFire   . . .      SeeInvis .   a - +0 long sword
rCold   + . .      Faith    .   c - +0 buckler
rNeg    . . .      Spirit   +   b - +0 scale mail
rPois   .          Reflect  .   (no helmet)
rElec   .          Harm     .   (no cloak)
rCorr   .          Rampage  .   (no gloves)
Will    .....                   (no boots)
Stlth   ..........              k - amulet of guardian spirit
HPRegen 0.08/turn               h - ring of protection from cold
MPRegen 0.08/turn               (no ring)

@: no status effects
A: rugged brown scales 1
a: no special abilities


You were on level 2 of the Dungeon.
You visited 1 branch of the dungeon, and saw 2 of its levels.

You collected 121 gold pieces.

Inventory:

Hand Weapons
 a - a +0 long sword (weapon)
Armour
 b - a +0 scale mail (worn)
 c - a +0 buckler (worn)
Jewellery
 h - a ring of protection from cold (left hand)
 k - an amulet of guardian spirit (around neck)
 l - a ring of ice
Scrolls
 f - a scroll of enchant armour {unknown}
 i - a scroll of identify {unknown}
 j - a scroll of fear {unknown}
Potions
 d - a potion of might
 e - a potion of brilliance {unknown}
 g - 2 potions of lignification {unknown}
 m - a potion of curing {unknown}


   Skills:
 + Level 3.3 Fighting
 + Level 2.2 Long Blades
 + Level 3.0 Armour
 + Level 3.0 Shields


You had one spell level left.
You didn't know any spells.
Your spell library contained the following spells:

 Spells                   Type           Power      Damage    Failure   Level
 Ozocubu's Armour         Ice            0%         N/A       99%         3
 Ozocubu's Refrigeration  Ice            0%         4d7       100%        7


Dungeon Overview and Level Annotations

Branches:
Dungeon (2/15)

Altars:


Innate Abilities, Weirdness & Mutations

You are partially covered in rugged brown scales. (AC +1, +3% HP)


Message History

A giant cockroach comes into view.
An endoplasm comes into view.
The endoplasm quivers.
You block the gnoll's attack. The gnoll barely misses you.
The gnoll hits you with a +0 club.
There are monsters nearby!
The gnoll attacks as you move away! The gnoll hits you with a +0 whip.
The gnoll attacks as you move away! The gnoll closely misses you.
The gnoll hits you from afar with a +0 spear.
The gnoll attacks as you move away! The gnoll hits you with a +0 whip.
The giant cockroach waves its antennae.
There is an open door here.
You are too injured to fight recklessly!
You are too injured to fight recklessly!
You are too injured to fight recklessly!
You hit the gnoll.
The gnoll is moderately wounded.
The gnoll hits you with a +0 whip.
* * * LOW HITPOINT WARNING * * *
The gnoll hits you from afar with a +0 spear.
* * * LOW HITPOINT WARNING * * *
You block the gnoll's attack.
You hit the gnoll.
The gnoll is moderately wounded.
The gnoll hits you from afar with a +0 spear.
* * * LOW HITPOINT WARNING * * *
The gnoll hits you but does no damage.
You slash the gnoll!
The gnoll is almost dead.
The gnoll hits you but does no damage.
The gnoll hits you from afar with a +0 spear.
* * * LOW HITPOINT WARNING * * *
You hit the gnoll.
You kill the gnoll!
The gnoll barely misses you. The giant cockroach barely misses you.
You block the gnoll's attack.
Your Armour skill increases to level 3!
Your Shields skill increases to level 3!
You hit the giant cockroach but do no damage.
The giant cockroach bites you.
You die...

#.....####.#
#.##.......#
#.##.......#
###.##.......+
#............#
#.#.....######
#.#.....#
#.#.....#
#.#@#####
##+#B##
#..ggg#
#...J.#
#.....#
#.....#
#.....#
#.....#
#.......


You could see 2 gnolls, an endoplasm, a giant cockroach and a hobgoblin.

Vanquished Creatures
  A gnoll (D:2)
  A ball python (D:1)
  2 endoplasms
  A goblin (D:1)
  A hobgoblin (D:1)
  A jackal (D:1)
  A bat (D:1)
  2 frilled lizards (D:1)
  3 kobolds (D:1)
  2 rats (D:1)
15 creatures vanquished.

Notes
Turn   | Place    | Note
-------+----------+-------------------------------------------
     0 | D:1      | BritishOli the Demonspawn Fighter began the quest for the
                  | Orb.
     0 | D:1      | Reached XP level 1. HP: 18/18 MP: 1/1
    61 | D:1      | Found a faded altar of an unknown god.
   256 | D:1      | Gained mutation: You are partially covered in rugged brown
                  | scales. (AC +1, +3% HP) [demonic ancestry]
   256 | D:1      | Reached XP level 2. HP: 2/24 MP: 2/2
  1243 | D:2      | HP: 1/24 [gnoll/+0 spear (3)]
  1245 | D:2      | Slain by a giant cockroach

Illustrated notes

Levels and vault maps discovered:
D:1:      saegor_arrival_simple_b, layout_loops_cross,
          shapermc_ecumenical_altar_gd, minmay_hexomino_p4
D:2:      layout_basic

Skill      XL: |  1  2 |
---------------+-------+-----
Long Blades    | 2 |  2.2
Armour         | 3 |  3.0
Shields        | 3 |  3.0
Fighting       | |  3.3

Action                   || total
-------------------------++-------
Melee: Long sword        ||    48
Armor: Scale mail        ||    34
Dodge: Dodged            ||    22
Block: Buckler           ||    15

Table legend: (Time is in decaauts)
 A = Elapsed time spent in this place.
 B = Non-inter-level travel time spent in this place.
 C = Inter-level travel time spent in this place.
 D = Time resting spent in this place.
 E = Time spent auto-exploring this place.
 F = Levels seen in this place.
 G = Mean time per level.
                   A        B        C        D        E       F      G
               +--------+--------+--------+--------+--------+-----+--------+
         Total |   1261 |   1211 |     50 |      0 |   1089 |   2 |  630.5 |
       Dungeon |   1261 |   1211 |     50 |      0 |   1089 |   2 |  630.5 |
               +--------+--------+--------+--------+--------+-----+--------+

Top non-repeatable levels by time:
     D:1: 1163 daAuts
     D:2: 97 daAuts
